 Dungeon Crawl Stone Soup version 0.26-a0-487-gbff1e92059 (webtiles) character file.

Game seed: 6455442250979082524

4574 Murumi the Thaumaturge (level 10, -2/56 HPs)
             Began as a Deep Elf Fire Elementalist on Aug 2, 2020.
             Was a Believer of Vehumet.
             Slain by a vampire
             ... wielding a +0 dagger
              (8 damage)
             ... on level 9 of the Dungeon.
             The game lasted 00:56:30 (9810 turns).

Murumi the Thaumaturge (Deep Elf Fire Elementalist) Turns: 9810, Time: 00:56:31

Health: -2/56      AC:  6    Str:  5    XL:     10   Next: 18%
Magic:  1/25       EV: 17    Int: 24    God:    Vehumet [**....]
Gold:   552        SH:  0    Dex: 15    Spells: 4/27 levels left

rFire    . . .     SeeInvis .   p - staff of wizardry
rCold    . . .     Faith    .   (no shield)
rNeg     . . .     Spirit   .   a - +1 robe
rPois    .         Reflect  .   (no helmet)
rElec    .         Harm     .   (no cloak)
rCorr    .                      (no gloves)
MR       +....                  s - +2 pair of boots
Stlth    +++.......             (no amulet)
HPRegen  0.18/turn              (no ring)
MPRegen  0.19/turn              (no ring)

@: no status effects
A: no striking features
a: Renounce Religion


You were on level 9 of the Dungeon.
You worshipped Vehumet.
Vehumet was pleased with you.
You visited 2 branches of the dungeon, and saw 10 of its levels.
You also visited: Ossuary.

You collected 552 gold pieces.

Inventory:

Armour
 a - a +1 robe (worn)
 s - a +2 pair of boots (worn)
Magical Staves
 p - an uncursed staff of wizardry (weapon)
 t - an uncursed staff of earth
Jewellery
 c - an uncursed ring of ice
Wands
 h - a wand of digging (8)
 q - a wand of acid (14)
Scrolls
 d - a scroll of fog
 e - 2 scrolls of teleportation
 f - 2 scrolls of remove curse
 n - 2 scrolls of fear
 o - a scroll of enchant armour
Potions
 b - 7 potions of curing
 g - 2 potions of might
 i - 2 potions of haste
 j - 3 potions of stabbing
 k - 2 potions of heal wounds
 l - 3 potions of cancellation
 m - 2 potions of resistance
 r - 2 potions of mutation
 u - a potion of magic


   Skills:
 - Level 4.0 Fighting
 - Level 2.0 Staves
 - Level 2.0 Armour
 - Level 8.0 Dodging
 - Level 4.0 Stealth
 - Level 9.0 Spellcasting
 + Level 6.3 Conjurations
 - Level 4.0 Hexes
 - Level 6.0 Fire Magic
 - Level 3.0 Ice Magic
 - Level 2.0 Air Magic
 - Level 3.0 Poison Magic
 - Level 3.0 Evocations


You had 4 spell levels left.
You knew the following spells:

 Your Spells              Type           Power        Failure   Level
a - Foxfire               Conj/Fire      ####         1%          1
b - Conjure Flame         Conj/Fire      #####...     1%          3
c - Sticky Flame          Conj/Fire      #####...     1%          4
d - Freeze                Ice            ####         1%          1
e - Mephitic Cloud        Conj/Pois/Air  ####....     1%          3
f - Fireball              Conj/Fire      #####.....   5%          5
g - Inner Flame           Hex/Fire       ####....     1%          3
h - Static Discharge      Conj/Air       ####....     1%          3

Your spell library contained the following spells:

 Spells                   Type           Power        Failure   Level
 Frozen Ramparts          Ice            ####..       1%          3
 Portal Projectile        Hex/Tloc       ###...       3%          3
 Call Canine Familiar     Summ           ##......     7%          3
 Vampiric Draining        Necr           ##........   7%          3


Dungeon Overview and Level Annotations

Branches:
Dungeon (9/15)             Temple (1/1) D:4         Ossuary (visited)
   Lair: D:8-11         Orc: D:9-12

Altars:
Ashenzari
Cheibriados
Dithmenos
Elyvilon
Fedhas
Gozag
Hepliaklqana
Kikubaaqudgha
Makhleb
Nemelex Xobeh
Okawaru
Qazlal
Ru
Sif Muna
Trog
Uskayaw
Vehumet
Wu Jian
Xom
Yredelemnul
Zin
The Shining One

Annotations:
D:4 3 runed translucent doors, Gargoyl's ghost, amateur GnAK
D:9 Psyche


Message History

Confirm with . or Enter, or press ? or * to list all spells.
You conjure some foxfire!
Casting: Foxfire (safe; 1% risk of failure)
Confirm with . or Enter, or press ? or * to list all spells.
You conjure some foxfire!
The foxfire hits something. x2; Something hits you!
* * * LOW HITPOINT WARNING * * *
Something bites you!
* * * LOW HITPOINT WARNING * * *
Something draws strength from your injuries!
You feel much better.
The foxfire hits something but does no damage. x2
Something completely misses you. Something bites you.
* * * LOW HITPOINT WARNING * * *
Something draws strength from your injuries!
Casting: Foxfire (safe; 1% risk of failure)
Confirm with . or Enter, or press ? or * to list all spells.
You conjure some foxfire!
Something hits you!
* * * LOW HITPOINT WARNING * * *
Something bites you!
You die...

#......#
#......#
#......#
#####......#
.......(...#
#..†<..#
#......#
####vv....#
#....@§...#
######.#########
#......#
#.###### ...
.?### ##


There were no monsters in sight!

Vanquished Creatures
  A two-headed ogre (D:8)
  Prince Ribbit (D:8)
  Edmund (D:4)
  A water moccasin (D:8)
  3 orc warriors
  A sky beast (D:6)
  2 black bears
  4 ice beasts
  A centaur (D:7)
  2 phantoms (D:8)
  3 ogres
  Blork the orc (D:5)
  4 bullfrogs
  2 scorpions (D:5)
  6 killer bees (D:9)
  11 wights
  2 howler monkeys
  2 bullfrog zombies
  2 orc priests
  2 hounds
  A jelly (D:8)
  6 orc wizards
  Jessica (D:3)
  2 worker ants
  8 mummies (Ossuary)
  A hound skeleton (D:8)
  3 gnolls (D:6)
  2 howler monkey skeletons
  8 adders
  2 white imps
  2 ufetubi
  An ooze (D:3)
  An adder zombie (D:7)
  3 worms
  3 dart slugs
  8 leopard geckos
  20 orcs
  5 bats
  7 giant cockroaches
  2 gnoll zombies (Ossuary)
  9 goblins
  10 hobgoblins
  2 jackals (D:5)
  6 kobolds
  4 quokkas
  3 ball pythons
  7 frilled lizards
  3 hobgoblin zombies (Ossuary)
  2 kobold zombies (Ossuary)
  A leopard gecko zombie (D:6)
  An orc zombie (Ossuary)
  A quokka zombie (D:5)
  8 rats
195 creatures vanquished.

Vanquished Creatures (others)
  902 foxfires
902 creatures vanquished.

Grand Total: 1097 creatures vanquished

Notes
Turn   | Place    | Note
-------+----------+-------------------------------------------
     0 | D:1      | Murumi the Deep Elf Fire Elementalist began the quest for
                  | the Orb.
     0 | D:1      | Reached XP level 1. HP: 10/10 MP: 6/6
   241 | D:1      | Reached XP level 2. HP: 15/15 MP: 5/8
   925 | D:2      | Reached skill level 4 in Spellcasting
   927 | D:2      | Reached XP level 3. HP: 19/19 MP: 0/10
  1032 | D:2      | Found a white marble altar of Elyvilon.
  1032 | D:2      | Found a shadowy altar of Dithmenos.
  1065 | D:2      | Found a shimmering blue altar of Sif Muna.
  1066 | D:2      | Found an ornate altar of the Wu Jian Council.
  1777 | D:3      | Noticed Jessica
  1782 | D:3      | Killed Jessica
  1782 | D:3      | Reached skill level 1 in Fighting
  1782 | D:3      | Reached XP level 4. HP: 24/25 MP: 1/12
  2485 | D:3      | Reached skill level 1 in Armour
  2485 | D:3      | Reached XP level 5. HP: 30/30 MP: 4/13
  2615 | D:3      | Reached skill level 1 in Evocations
  2859 | D:4      | Found a sand-covered staircase.
  2868 | Ossuary  | Entered an ossuary
  3273 | Ossuary  | Reached skill level 5 in Spellcasting
  3313 | Ossuary  | Reached XP level 6. HP: 35/35 MP: 11/15
  3607 | D:4      | Found a runed translucent gate.
  3607 | D:4      | Found a runed translucent gate.
  3609 | D:4      | Noticed Gargoyl's ghost (amateur GnAK)
  3610 | D:4      | Found a runed translucent gate.
  3869 | D:4      | Found a snail-covered altar of Cheibriados.
  3910 | D:4      | Noticed Edmund
  3922 | D:4      | Killed Edmund
  3927 | D:4      | Learned a level 3 spell: Conjure Flame
  4209 | D:4      | Found a faded altar of an unknown god.
  4209 | D:4      | Found a shimmering altar of Xom.
  4214 | D:4      | Found a blossoming altar of Fedhas.
  4216 | D:4      | Found an iron altar of Okawaru.
  4217 | D:4      | Found a bloodstained altar of Trog.
  4400 | D:4      | Found a staircase to the Ecumenical Temple.
  4406 | Temple   | Entered the Ecumenical Temple
  4476 | Temple   | Became a worshipper of Vehumet
  4729 | D:4      | You fall into a shaft and drop 3 floors!
  4735 | D:7      | Noticed an orc warrior
  4901 | D:7      | Reached skill level 5 in Dodging
  4901 | D:7      | Reached XP level 7. HP: 37/40 MP: 9/16
  5038 | D:6      | Reached skill level 6 in Spellcasting
  5115 | D:6      | Learned a level 4 spell: Sticky Flame
  5156 | D:6      | Reached skill level 7 in Spellcasting
  5227 | D:5      | Entered Level 5 of the Dungeon
  5553 | D:5      | Reached skill level 5 in Conjurations
  5597 | D:5      | Reached * piety under Vehumet
  5597 | D:5      | Offered knowledge of Freeze by Vehumet.
  5597 | D:5      | Reached skill level 1 in Staves
  5597 | D:5      | Noticed Blork the orc
  5605 | D:5      | Killed Blork the orc
  5608 | D:5      | Learned a level 1 spell: Freeze
  5698 | D:5      | Reached XP level 8. HP: 44/44 MP: 14/20
  5967 | D:5      | Reached skill level 5 in Fire Magic
  7350 | D:7      | Reached skill level 8 in Spellcasting
  7350 | D:7      | Reached skill level 1 in Ice Magic
  7480 | D:7      | Offered knowledge of Sandblast by Vehumet.
  7504 | D:7      | Identified a scroll of acquirement
  7504 | D:7      | Acquired Easy Witchery
  7510 | D:7      | Learned a level 3 spell: Mephitic Cloud
  7516 | D:7      | Learned a level 5 spell: Fireball
  7539 | D:7      | Reached ** piety under Vehumet
  7539 | D:7      | Reached XP level 9. HP: 50/50 MP: 18/23
  7544 | D:7      | Learned a level 3 spell: Inner Flame
  7609 | D:7      | Reached skill level 1 in Poison Magic
  7609 | D:7      | Reached skill level 1 in Hexes
  7609 | D:7      | Reached skill level 1 in Air Magic
  8131 | D:8      | Noticed Prince Ribbit
  8139 | D:8      | Killed Prince Ribbit
  8556 | D:8      | Noticed a two-headed ogre
  8568 | D:8      | Killed a two-headed ogre
  8772 | D:8      | Reached skill level 9 in Spellcasting
  9254 | D:8      | Reached XP level 10. HP: 56/56 MP: 17/25
  9501 | D:9      | Offered knowledge of Static Discharge by Vehumet.
  9584 | D:9      | Found a shattered altar of Ashenzari.
  9642 | D:9      | Noticed Psyche
  9701 | D:9      | Learned a level 3 spell: Static Discharge
  9810 | D:9      | Slain by a vampire

Illustrated notes

Levels and vault maps discovered:
D:1:      lightli_arrival_chessboard, layout_basic
D:2:      layout_basic, minitemple
D:3:      layout_loops_ring, minmay_tree_intersection, uniq_jessica
D:4:      layout_layer_cave, chequers_temple_overflow_minitemple,
          cheibriados_altar_1, minmay_temple_entry_enclosed_plants,
          ebering_ghost_rock_garden, enter_ossuary_5, uniq_edmund
D:5:      black_bear_nest_1, layout_basic, grunt_decor_fettered,
          uniq_blork_the_orc
D:6:      layout_rooms, gup_sewer_entry_glass
D:7:      layout_loops_ring
D:8:      layout_basic, uniq_prince_ribbit1
D:9:      layout_rooms, basic_altar, chequers_jeans,
          minmay_statue_crystal_thing, uniq_psyche
Temple:   oiseaux_autumnal_temple

Skill      XL: |  1  2  3  4  5  6  7  8  9 10 |
---------------+-------------------------------+-----
Conjurations   | 2 3 4 5 6 |  6.3
Dodging        | 3 4 5 7 8 |  8.0
Spellcasting   | 4 5 7 8 9 |  9.0
Fighting       | 1 2 3 4 |  4.0
Armour         | 1 2 |  2.0
Evocations     | 1 2 3 |  3.0
Fire Magic     | 4 5 6 |  6.0
Stealth        | 3 4 |  4.0
Staves         | 2 |  2.0
Ice Magic      | 2 3 |  3.0
Poison Magic   | 3 |  3.0
Hexes          | 4 |  4.0
Air Magic      | 2 |  2.0

Action                   |  1- 3 |  4- 6 |  7- 9 | 10-12 || total
-------------------------+-------+-------+-------+-------++-------
Melee: Unarmed           |     2 |     5 |     1 |       ||     8
       Staff             |       |       |     4 |     2 ||     6
 Cast: Foxfire           |    98 |   145 |   248 |    33 ||   524
       Conjure Flame     |       |       |    12 |     3 ||    15
       Freeze            |       |       |    10 |     3 ||    13
       Sticky Flame      |       |       |    14 |     1 ||    15
       Fireball          |       |       |     3 |     7 ||    10
       Mephitic Cloud    |       |       |     1 |       ||     1
       Inner Flame       |       |       |     1 |       ||     1
Evoke: Wand              |       |       |     1 |       ||     1
  Use: Scroll            |     6 |    10 |     8 |     2 ||    26
       Potion            |       |     1 |       |     1 ||     2
Armor: Robe              |     1 |     3 |     8 |     1 ||    13
Dodge: Dodged            |     1 |    15 |    49 |    14 ||    79

Table legend: (Time is in decaauts)
 A = Elapsed time spent in this place.
 B = Non-inter-level travel time spent in this place.
 C = Inter-level travel time spent in this place.
 D = Time resting spent in this place.
 E = Time spent auto-exploring this place.
 F = Levels seen in this place.
 G = Mean time per level.
                   A        B        C        D        E       F      G
               +--------+--------+--------+--------+--------+-----+--------+
         Total |   9832 |   9217 |    615 |    496 |   7464 |  11 |  893.8 |
       Dungeon |   9018 |   8439 |    579 |    496 |   6789 |   9 | 1002.0 |
        Temple |    269 |    234 |     35 |      0 |    232 |   1 |  269.0 |
       Ossuary |    544 |    544 |      0 |      0 |    443 |   1 |  544.0 |
               +--------+--------+--------+--------+--------+-----+--------+

Top non-repeatable levels by time:
     D:7: 1652 daAuts
     D:8: 1363 daAuts
     D:4: 1299 daAuts
     D:2: 971 daAuts
     D:5: 927 daAuts
     D:3: 918 daAuts
     D:1: 909 daAuts
     D:6: 835 daAuts
 Ossuary: 544 daAuts
  Temple: 269 daAuts
     D:9: 140 daAuts
